 Dungeon Crawl Stone Soup version 0.19.5 (webtiles) character file.

234 theElss the Conjurer (level 5, -3/28 HPs)
             Began as a Deep Elf Conjurer on May 2, 2017.
             Slain by an iguana (13 damage)
             ... on level 4 of the Dungeon.
             The game lasted 00:12:18 (3384 turns).

theElss the Conjurer (Deep Elf Conjurer)            Turns: 3384, Time: 00:12:18

Health: -3/28      AC:  4    Str:  5    XL:     5   Next: 75%
Magic:  0/15       EV: 14    Int: 21    God:
Gold:   109        SH:  0    Dex: 15    Spells: 4 memorised, 3 levels left

rFire  . . .     SeeInvis +     e - +0 club
rCold  . . .     Gourm    .     a - +0 robe
rNeg   . . .     Faith    .     (no shield)
rPois  .         Spirit   .     (no helmet)
rElec  .         Reflect  .     k - +0 cloak
rCorr  .         Harm     .     n - +0 pair of gloves
MR     .....                    (no boots)
Stlth  ++........               (no amulet)
                                l - ring of see invisible
                                (no ring)

@: no status effects
A: no striking features
a: no special abilities


You were on level 4 of the Dungeon.
You were not hungry.

You visited 1 branch of the dungeon, and saw 4 of its levels.

You collected 109 gold pieces.

Inventory:

Hand Weapons
 e - a +0 club (weapon)
Armour
 a - a +0 robe (worn)
 k - a +0 cloak (worn)
 n - a +0 pair of gloves (worn)
Jewellery
 l - a ring of see invisible (right hand)
Scrolls
 g - a scroll of amnesia
 o - a scroll of recharging
 s - a scroll of teleportation {unknown}
Potions
 d - a potion of haste {unknown}
 f - 2 potions of heal wounds {unknown}
 h - a potion of agility
 j - a potion of magic {unknown}
 m - 2 potions of degeneration {unknown}
 r - a potion of invisibility {unknown}
Books
 b - a book of Conjurations

   Spells                             Type                      Level
   a - Magic Dart                     Conjuration                  1
   b - Searing Ray                    Conjuration                  2
   c - Dazzling Spray                 Conjuration/Hexes            3
   d - Fulminant Prism                Conjuration/Hexes            4
   e - Iskenderun's Mystic Blast      Conjuration                  4
   f - Iskenderun's Battlesphere      Conjuration/Charms           5
 p - a book of Cantrips

   Spells                             Type                      Level
   a - Confusing Touch                Hexes                        1
   b - Animate Skeleton               Necromancy                   1
   c - Summon Small Mammal            Summoning                    1
   d - Apportation                    Translocation                1
Comestibles
 c - 4 bread rations
 i - a chunk of flesh
 q - 2 meat rations


   Skills:
 + Level 0.2 Fighting
 + Level 3.4 Dodging
 - Level 2.4 Stealth
 + Level 5.5 Spellcasting
 + Level 6.1 Conjurations


You had 3 spell levels left.
You knew the following spells:

 Your Spells              Type           Power        Failure   Level  Hunger
a - Magic Dart            Conj           ####         1%          1    None
b - Iskenderun's Battles  Conj/Chrm      ###.....     87%         5    #####..
c - Searing Ray           Conj           ####..       1%          2    None
d - Iskenderun's Mystic   Conj           ####....     10%         4    ####...


Dungeon Overview and Level Annotations

Branches:
Dungeon (4/15)
 Temple: D:4-7

Altars:
Okawaru
Trog


Message History

Confirm with . or Enter, or press ? or * to list all spells.
Aiming: Magic Dart
Press: ? - help, Shift-Dir - straight line, f/p - iguana
Aim: an iguana (almost dead)
The magic dart hits the iguana.
The iguana is almost dead.
The iguana bites you!
An adder skeleton comes into view.
Casting: Magic Dart
Confirm with . or Enter, or press ? or * to list all spells.
Aiming: Magic Dart
Press: ? - help, Shift-Dir - straight line, f/p - iguana
Aim: an iguana (almost dead)
The magic dart hits the iguana.
The iguana is almost dead.
The iguana misses you.
You hit the iguana but do no damage.
The iguana is almost dead.
The iguana bites you!
You die...

.....##
#.....##
###......#
........#
#......#
##......#
#.......#
#..Z.l).#
#.##.#@.#
#.#<.#
#.#..#
#.#..#
.....#
#.#### #.


You could see an iguana and an adder skeleton.

Vanquished Creatures
  A worker ant (D:3)
  3 gnolls (D:3)
  7 adders
  2 oozes
  A worm (D:3)
  4 dart slugs
  A leopard gecko (D:2)
  6 orcs
  11 bats
  7 giant cockroaches
  10 goblins
  8 hobgoblins
  4 jackals
  9 kobolds
  A quokka (D:2)
  A ball python (D:1)
  9 frilled lizards
  10 rats
95 creatures vanquished.

Notes
Turn   | Place    | Note
-------+----------+-------------------------------------------
     0 | D:1      | theElss the Deep Elf Conjurer began the quest for the Orb.
     0 | D:1      | Reached XP level 1. HP: 10/10 MP: 6/6
   144 | D:1      | Reached XP level 2. HP: 11/15 MP: 0/8
   463 | D:1      | Reached skill level 5 in Conjurations
   797 | D:1      | Reached XP level 3. HP: 19/19 MP: 7/9
  1345 | D:2      | Learned a level 2 spell: Searing Ray
  1496 | D:2      | Found an iron altar of Okawaru.
  1576 | D:2      | Reached XP level 4. HP: 24/24 MP: 8/12
  2074 | D:2      | Found a bloodstained altar of Trog.
  2461 | D:3      | Reached XP level 5. HP: 28/28 MP: 12/14
  2469 | D:3      | Learned a level 5 spell: Iskenderun's Battlesphere
  2474 | D:3      | Learned a level 4 spell: Iskenderun's Mystic Blast
  2560 | D:3      | Reached skill level 5 in Spellcasting
  2968 | D:3      | Reached skill level 6 in Conjurations
  3384 | D:4      | Slain by an iguana

Skill      XL: |  1  2  3  4  5 |
---------------+----------------+-----
Conjurations   | 5 6 |  6.1
Spellcasting   | 4 5 |  5.5
Dodging        | 3 |  3.4
Fighting       | |  0.2
Stealth        | |  2.4

Action                   |  1- 3 |  4- 6 || total
-------------------------+-------+-------++-------
Melee: Club              |    29 |     1 ||    30
 Cast: Magic Dart        |    81 |    81 ||   162
       Searing Ray       |       |    12 ||    12
       Iskenderun's Myst |       |     2 ||     2
  Use: Scroll            |     4 |     3 ||     7
  Eat: Chunk             |     2 |     6 ||     8
Armor: Robe              |    17 |     6 ||    23
Dodge: Dodged            |    54 |    23 ||    77
